 Dungeon Crawl Stone Soup version 0.27-a0-1280-g9d2d252d84 (webtiles) character file.

Game seed: 3084125422877669518

840 Johnny the Magician (level 7, 0/66 HPs)
             Began as a Deep Elf Earth Elementalist on June 13, 2021.
             Slain by a water moccasin (7 damage)
             ... on level 5 of the Dungeon.
             The game lasted 00:04:48 (5368 turns).

Johnny the Magician (Deep Elf Earth Elementalist)   Turns: 5368, Time: 00:04:48

Health: 0/66       AC: 23    Str:  5    XL:     7   Next: 67%
Magic:  14/18      EV:  2    Int: 22    God:
Gold:   270        SH:  0    Dex: 15    Spells: 14/18 levels left

rFire    . . .     SeeInvis +   x - +1 dagger (venom)
rCold    . . .     Faith    .   (no shield)
rNeg     + + +     Spirit   .   (armour currently unavailable)
rPois    +         Reflect  .   (helmet currently unavailable)
rElec    .         Harm     .   (cloak currently unavailable)
rCorr    .         Rampage  .   (gloves currently unavailable)
Will     .....     NoTele   +   (boots currently unavailable)
Stlth    ++........             (no amulet)
HPRegen  0.21/turn              t - ring of see invisible
MPRegen  0.16/turn              (no ring)

@: lethally poisoned (0 -> -11), tree-form
A: stationary, stasis, torment immunity, boosted hp
a: no special abilities


You were on level 5 of the Dungeon.
You were a tree.
You visited 1 branch of the dungeon, and saw 5 of its levels.
You also visited: Ossuary.

You collected 270 gold pieces.

Inventory:

Hand Weapons
 x - a +1 dagger of venom (weapon)
Missiles
 u - 3 curare-tipped darts
 A - 6 stones
Armour
 c - a +0 robe (melded)
 r - a +0 hat (melded)
Jewellery
 t - a ring of see invisible (left branch)
Wands
 q - a wand of mindburst (14)
Scrolls
 a - a scroll of teleportation {unknown}
 b - a scroll of fog {unknown}
 d - 3 scrolls of magic mapping {unknown}
 f - a scroll of enchant weapon {unknown}
 h - a scroll of silence {unknown}
 i - a scroll of immolation {unknown}
 j - 2 scrolls of amnesia {unknown}
 m - 2 scrolls of blinking
 n - a scroll of summoning {unknown}
 p - 2 scrolls of enchant armour {unknown}
 w - 2 scrolls of holy word {unknown}
 y - a scroll of torment {unknown}
Potions
 e - 4 potions of haste
 g - 2 potions of magic
 k - 2 potions of flight {unknown}
 l - a potion of mutation {unknown}
 o - 2 potions of cancellation
 s - 4 potions of curing
 z - a potion of brilliance {unknown}


   Skills:
 * Level 4.9 Fighting
 - Level 2.4 Dodging
 - Level 2.4 Stealth
 + Level 6.3 Spellcasting
 - Level 1.1 Transmutations
 + Level 5.7 Earth Magic


You had 14 spell levels left.
You knew the following spells:

 Your Spells              Type           Power      Damage    Failure   Level
a - Sandblast             Erth           64%        2d14      1%          1
b - Stone Arrow           Conj/Erth      38%        3d9       9%          3

Your spell library contained the following spells:

 Spells                   Type           Power      Damage    Failure   Level
 Passwall                 Tmut/Erth      18%        N/A       3%          2
 Beastly Appendage        Tmut           22%        N/A       5%          1
 Wereblood                Tmut           11%        N/A       9%          2
 Spider Form              Tmut/Pois      4%         N/A       22%         3
 Petrify                  Tmut/Erth      22%        N/A       22%         4
 Lee's Rapid Deconstruct  Erth           16%        3d11*     22%         5
 Ice Form                 Ice/Tmut       9%         N/A       56%         4


Dungeon Overview and Level Annotations

Branches:
Dungeon (5/15)            Ossuary (visited)
 Temple: D:4-7

Altars:
Qazlal
Ru

Shops:
D:3 *   D:5 *


Message History

Aiming: Sandblast (safe; 1% risk of failure)
Press: ? - help, Shift-Dir - straight line, f/p - adder
Aim: an adder (70% to hit)
The blast of sand misses the adder.
You feel sick. The adder bites you but does no damage.
The water moccasin bites you but does no damage.
Casting: Sandblast (safe; 1% risk of failure)
Confirm with . or Enter, or press ? or * to list all spells.
Aiming: Sandblast (safe; 1% risk of failure)
Press: ? - help, Shift-Dir - straight line, f/p - adder
Aim: an adder (70% to hit)
The blast of sand hits the adder!
You kill the adder!
You feel sick. The water moccasin bites you.
* * * LOW HITPOINT WARNING * * *
The water moccasin bites you.
* * * LOW HITPOINT WARNING * * *
You are lethally poisoned!
The water moccasin poisons you!
Casting: Sandblast (safe; 1% risk of failure)
Confirm with . or Enter, or press ? or * to list all spells.
Aiming: Sandblast (safe; 1% risk of failure)
Press: ? - help, Shift-Dir - straight line, f - water moccasin
Aim: a water moccasin (lightly wounded, 70% to hit)
The blast of sand hits the water moccasin!
The water moccasin is heavily wounded.
* * * LOW HITPOINT WARNING * * *
You feel very sick.
The water moccasin bites you but does no damage.
Casting: Sandblast (safe; 1% risk of failure)
Confirm with . or Enter, or press ? or * to list all spells.
Aiming: Sandblast (safe; 1% risk of failure)
Press: ? - help, Shift-Dir - straight line, f/p - water moccasin
Aim: a water moccasin (heavily wounded, 70% to hit)
The blast of sand hits the water moccasin!
The water moccasin is almost dead.
* * * LOW HITPOINT WARNING * * *
You feel very sick. The water moccasin bites you!
You die...

######## ###
#......#..
#...#S####.#.#
+.∩.'♣# #.#.#
#...######.#.#
#####........#
........#...###.#
........'........
........#.#.####
#######....#.#..####
#.# ######.#.....#
#.#
########.##..#.#.#


You could see a water moccasin.

Vanquished Creatures
  Menkaure (D:5)
  A phantom (D:5)
  A bullfrog (D:3)
  2 elf zombies (Ossuary)
  A water moccasin skeleton (D:5)
  2 howler monkeys (D:5)
  A centaur zombie (Ossuary)
  A bullfrog zombie (D:5)
  2 jellies
  A bullfrog skeleton (D:4)
  2 mummies (Ossuary)
  A howler monkey zombie (D:5)
  6 adders
  An adder zombie (Ossuary)
  2 worms (D:2)
  A dart slug (D:1)
  3 orcs
  2 bats (D:2)
  4 endoplasms
  2 giant cockroaches
  7 hobgoblins
  4 kobolds
  2 quokkas
  6 ball pythons
  A frilled lizard (D:2)
  5 goblins
  2 goblin zombies (Ossuary)
  12 hobgoblin zombies (Ossuary)
  2 jackal zombies (Ossuary)
  7 kobold zombies (Ossuary)
  8 orc zombies (Ossuary)
  4 rats
  A rat zombie (Ossuary)
98 creatures vanquished.

Notes
Turn   | Place    | Note
-------+----------+-------------------------------------------
     0 | D:1      | Johnny the Deep Elf Earth Elementalist began the quest for
                  | the Orb.
     0 | D:1      | Reached XP level 1. HP: 10/10 MP: 6/6
   512 | D:1      | Reached XP level 2. HP: 16/16 MP: 6/8
   647 | D:1      | Reached skill level 1 in Fighting
  1365 | D:2      | Reached XP level 3. HP: 20/20 MP: 5/10
  1805 | D:3      | Found a faded altar of an unknown god.
  2052 | D:3      | Found Pipuot's General Store.
  2073 | D:3      | Noticed a bullfrog
  2077 | D:3      | Killed a bullfrog
  2078 | D:3      | Reached skill level 4 in Spellcasting
  2078 | D:3      | Reached XP level 4. HP: 27/27 MP: 9/12
  2513 | D:4      | Found a sacrificial altar of Ru.
  2894 | D:4      | Reached XP level 5. HP: 32/32 MP: 10/13
  3205 | D:4      | Found a stormy altar of Qazlal.
  3356 | D:5      | Entered Level 5 of the Dungeon
  3408 | D:5      | Noticed a phantom
  3414 | D:5      | Reached XP level 6. HP: 37/37 MP: 9/15
  3417 | D:5      | Reached skill level 5 in Spellcasting
  3431 | D:5      | Reached skill level 5 in Earth Magic
  3633 | D:5      | Found a sand-covered staircase.
  3637 | Ossuary  | Entered an ossuary
  3699 | Ossuary  | Learned a level 3 spell: Stone Arrow
  4209 | Ossuary  | Reached XP level 7. HP: 7/43 MP: 3/17
  4852 | Ossuary  | Reached skill level 6 in Spellcasting
  5186 | D:5      | Noticed Menkaure
  5190 | D:5      | Killed Menkaure
  5353 | D:5      | Found Vump's Serpentskin Sales.
  5368 | D:5      | Slain by a water moccasin

Illustrated notes

Levels and vault maps discovered:
D:1:      amcnicky_arrival_feature_with_door, layout_basic, minivault_24,
          minmay_misc_feat_tiny
D:2:      layout_rooms
D:3:      layout_basic, ebering_ecumenical_altar_hall, serial_shops,
          nicolae_shop_behind_doors
D:4:      layout_basic, amcnicky_altar_gilded, nicolae_qazlal_scattered_showers,
          dk_rats_in_the_wall
D:5:      layout_basic, nicolae_overflow_hidden_temple,
          nicolae_ossuary_entry_false_entrances, guppyfry_shop_venom,
          uniq_menkaure, uniq_prince_ribbit1, uniq_grinder

Skill      XL: |  1  2  3  4  5  6  7 |
---------------+----------------------+-----
Fighting       | 1 2 3 4 |  4.9
Spellcasting   | 4 5 6 |  6.3
Earth Magic    | 4 5 |  5.7
Dodging        | |  2.4
Stealth        | |  2.4
Transmutations | |  1.1

Action                   |  1- 3 |  4- 6 |  7- 9 || total
-------------------------+-------+-------+-------++-------
Melee: Unarmed           |    10 |    10 |       ||    20
       Dagger            |       |    65 |    52 ||   117
 Cast: Sandblast         |    44 |    38 |     5 ||    87
       Stone Arrow       |       |    19 |    26 ||    45
  Use: Scroll            |       |     7 |       ||     7
       Potion            |       |     2 |     1 ||     3
 Stab: Sleeping          |       |     2 |     1 ||     3
Armor: Robe              |    11 |    19 |    11 ||    41
       Skin              |       |     3 |    11 ||    14
Dodge: Dodged            |    18 |    53 |    38 ||   109

Table legend: (Time is in decaauts)
 A = Elapsed time spent in this place.
 B = Non-inter-level travel time spent in this place.
 C = Inter-level travel time spent in this place.
 D = Time resting spent in this place.
 E = Time spent auto-exploring this place.
 F = Levels seen in this place.
 G = Mean time per level.
                   A        B        C        D        E       F      G
               +--------+--------+--------+--------+--------+-----+--------+
         Total |   5366 |   5280 |     86 |    705 |   3906 |   6 |  894.3 |
       Dungeon |   3981 |   3895 |     86 |    156 |   3369 |   5 |  796.2 |
       Ossuary |   1384 |   1384 |      0 |    549 |    537 |   1 | 1384.0 |
               +--------+--------+--------+--------+--------+-----+--------+

Top non-repeatable levels by time:
 Ossuary: 1384 daAuts
     D:1: 1093 daAuts
     D:4: 1022 daAuts
     D:2: 670 daAuts
     D:5: 627 daAuts
     D:3: 568 daAuts
